Map: Deathaura LE

Players

SlooTh - Winner!

  • Race: Zerg Zerg
  • League: Master
  • Spawn Location: 5:00

CholmesInk

  • Race: Zerg Zerg
  • League: Diamond
  • Spawn Location: 11:00

VOD

Have the link to the VOD?

Description

Time

  • Played on: Jan. 18, 2021, 1:58 p.m.
  • Length: 5:45
Show
View Real Time Build Order
Export as new Build Order

SlooTh Zerg - Winner!

Build Orders: Hatch First 

Get SALT Encoding   

  12  0:00  Drone  
  13  0:12  Overlord  
  13  0:17  Drone  
  14  0:31  Drone x2  
  16  0:48  Hatchery  
  15  0:52  Drone  
  15  0:55  Drone  
  17  0:58  Drone  
  18  1:09  Extractor  
  17  1:14  Spawning Pool  
  17  1:18  Drone  
  17  1:20  Drone  
  18  1:29  Drone  
  19  1:45  Drone  
  20  1:50  Overlord  
  20  2:01  Queen x2  
  22  2:02  Zergling x2  
  22  2:03  Drone  
  26  2:10  Metabolic Boost  
  26  2:13  Drone x2  
  28  2:30  Baneling Nest  
  28  2:34  Drone x3  
  30  2:50  Zergling x2  
  30  2:51  Hatchery  
  29  3:02  Zergling x4  
  31  3:06  Roach Warren, Drone  
  31  3:12  Overlord  
  31  3:13  Baneling x2  
  31  3:23  Drone x2  
  31  3:26  Overlord  
  33  3:28  Zergling x4  
  33  3:29  Zergling x2  
  33  3:32  Drone  
  33  3:33  Zergling x2  
  33  3:34  Zergling x2  
  39  3:48  Roach, Zergling x2  
  42  3:49  Roach x2  
  46  4:06  Queen  
  46  4:07  Roach x4  
  46  4:09  Zergling x2  
  56  4:15  Overlord  
  56  4:24  Overlord  
  56  4:25  Zergling x2  
  56  4:26  Baneling x3  
  57  4:36  Roach  
  57  4:38  Zergling x12  
  65  4:45  Baneling  
  65  4:49  Zergling x8  
  65  4:50  Zergling x2  
  70  4:59  Zergling x6  
  73  5:01  Baneling x2  
  73  5:05  Overlord  
  69  5:22  Roach x2  
Show
View Real Time Build Order
Export as new Build Order

CholmesInk Zerg 

Build Orders: Hatch First 

Get SALT Encoding   

  12  0:00  Drone  
  13  0:12  Overlord  
  13  0:22  Drone  
  14  0:30  Drone x2  
  16  0:48  Drone  
  16  0:49  Drone  
  18  0:56  Hatchery  
  17  0:59  Drone  
  17  1:02  Extractor  
  17  1:15  Spawning Pool  
  17  1:18  Drone  
  17  1:20  Drone  
  18  1:27  Drone  
  19  1:44  Overlord  
  19  1:50  Drone  
  20  2:03  Queen  
  20  2:05  Metabolic Boost  
  22  2:09  Queen, Zergling x2  
  22  2:11  Zergling x2  
  26  2:19  Drone x2  
  28  2:29  Drone  
  30  2:30  Drone  
  30  2:34  Overlord  
  30  2:48  Baneling Nest  
  29  3:00  Hatchery  
  29  3:02  Zergling x8  
  29  3:03  Zergling x2  
  33  3:09  Roach Warren  
  33  3:18  Queen  
  35  3:31  Queen  
  35  3:33  Overlord  
  37  3:36  Overlord  
  37  3:39  Drone x3  
  40  3:42  Drone  
  40  3:48  Drone x2  
  36  4:14  Queen  
  36  4:15  Roach  
  36  4:16  Roach x4  
  48  4:21  Extractor, Drone x4  
  51  4:25  Evolution Chamber  
  50  4:33  Roach  
  50  4:37  Zergling x4  
  54  4:38  Spine Crawler  
  54  4:44  Roach x2  
  57  4:55  Roach  
  57  4:57  Zergling x6  
  57  4:58  Zergling x6  
  63  5:07  Drone x3  
  64  5:25  Roach x3  
Tags
 
Add a new tag
Caveats
  • Supply blocks, unpowered buildings, or Contaminate may cause inaccurate times.
  • Supply counts are checked every 10 seconds.